 Dungeon Crawl Stone Soup version 0.27-a0-343-gfcad680f63 (webtiles) character file.

Game seed: 7584138438237906609

35268 jestyr24 the Warrior (level 13, -3/133 HPs)
             Began as a Minotaur Berserker on Feb 14, 2021.
             Was the Champion of Trog.
             Slain by a spriggan rider
             ... wielding the +10 spear of Fuczapte {flame, Str+4}
              (19 damage)
             ... on level 2 of the Lair of Beasts.
             The game lasted 01:17:05 (14338 turns).

jestyr24 the Warrior (Minotaur Berserker)          Turns: 14338, Time: 01:17:07

Health: -3/133     AC: 22    Str: 28 (30) XL:     13   Next: 46%
Magic:  12/12      EV: 13    Int:  2 (4)  God:    Trog [******]
Gold:   1024       SH:  5    Dex: 15 (17) Spells: 12/12 levels left

rFire    . . .     SeeInvis +   g - +9 executioner's axe of Moderation {flame, *Corrode rElec Will+ SInv}
rCold    . . .     Faith    .   (shield currently unavailable)
rNeg     . . .     Spirit   .   A - +0 plate armour
rPois    .         Reflect  +   q - +2 hat
rElec    +         Harm     .   T - scarf {+Inv}
rCorr    +         Rampage  .   t - +2 pair of gloves of Ymil {Str+4}
Will     +....                  (no boots)
Stlth    ..........             M - amulet of reflection
HPRegen  0.32/turn              e - +6 ring of dexterity
MPRegen  0.13/turn              G - ring of resist corrosion

@: berserk cooldown, slowed, studying 3 skills, very slow
A: retaliatory headbutt, horns 2
a: Renounce Religion, Evoke Invisibility, Berserk, Trog's Hand, Brothers in Arms


You were on level 2 of the Lair of Beasts.
You worshipped Trog.
Trog was exalted by your worship.
You visited 2 branches of the dungeon, and saw 15 of its levels.
You also visited: Bailey.

You collected 1024 gold pieces.

Inventory:

Hand Weapons
 g - the +9 executioner's axe of Moderation (weapon) {flame, *Corrode rElec Will+ SInv}
   (Trog gifted it to you on level 10 of the Dungeon)

   It has been specially enchanted to burn those struck by it, causing extra
   injury to most foes and up to half again as much damage against particularly
   susceptible opponents.
   Big, fiery blades are also staple armaments of hydra-hunters.
   It insulates you from electricity.
   It affects your willpower, your defense against some magical effects.
   It lets you see invisible.
   It may corrode you when you take damage.
 X - the +9 hand axe "Cafes" {vorpal, Will+ MP+9}
   (You took it off an orc warrior in a bailey)

   It inflicts extra damage upon your enemies.
   It affects your willpower, your defense against some magical effects.
   It affects your magic capacity (+9).
Missiles
 a - 19 boomerangs (quivered)
 d - 5 javelins
 F - 8 atropa-tipped darts
 H - 7 curare-tipped darts
 I - 44 poisoned darts
 K - 2 boomerangs of dispersal
Armour
 q - a +2 hat (worn)
 t - the +2 pair of gloves of Ymil (worn) {Str+4}
   (You found it on level 4 of the Dungeon)

   It affects your strength (+4).
 A - a +0 plate armour (worn)
 B - a +0 cloak
 T - a scarf of invisibility (worn)
Jewellery
 e - a +6 ring of dexterity (left hand)
 j - a +6 ring of dexterity
 l - an amulet of magic regeneration {unknown}
 z - a ring of positive energy
 G - a ring of resist corrosion (right hand)
 M - an amulet of reflection (around neck)
Wands
 h - a wand of paralysis (3)
 y - a wand of acid (12)
 L - a wand of polymorph (6)
 P - a wand of charming (10)
 S - a wand of iceblast (10)
 V - a wand of flame (20)
 W - a wand of digging (2)
Scrolls
 c - 10 scrolls of teleportation
 f - a scroll of immolation {unknown}
 k - a scroll of torment {unknown}
 p - 4 scrolls of enchant armour
 w - 15 scrolls of identify
 x - a scroll of magic mapping
 C - 2 scrolls of fog
 E - a scroll of fear
 O - 3 scrolls of blinking
Potions
 b - 2 potions of might
 i - a potion of experience {unknown}
 m - 13 potions of curing
 n - 3 potions of heal wounds
 o - a potion of flight {unknown}
 r - 3 potions of lignification
 s - a potion of degeneration
 u - 3 potions of mutation {unknown}
 v - 2 potions of attraction {unknown}
 D - 2 potions of berserk rage {unknown}
 R - 3 potions of invisibility {unknown}
 U - a potion of cancellation {unknown}
 Y - 2 potions of magic {unknown}


   Skills:
 + Level 17.5 Fighting
 - Level 0.5 Short Blades
 - Level 11.4 Axes
 - Level 5.3(5.6) Slings
 - Level 2.3(3.9) Throwing
 + Level 14.4 Armour
 - Level 9.2 Dodging
 - Level 8.1 Stealth
 - Level 2.0 Shields


You had 12 spell levels left.
You didn't know any spells.
Your spell library contained the following spells:

 Spells                   Type           Power        Failure   Level
 Beastly Appendage        Tmut           0%           99%         1
 Corona                   Hex            0%           99%         1
 Shock                    Conj/Air       0%           99%         1
 Sting                    Tmut/Pois      0%           99%         1
 Blink                    Tloc           N/A          99%         2
 Ensorcelled Hibernation  Hex/Ice        0%           99%         2
 Poisonous Vapours        Pois/Air       0%           99%         2
 Swiftness                Air            0%           99%         2
 Wereblood                Tmut           0%           99%         2
 Confusing Touch          Hex            0%           100%        3
 Dazzling Flash           Conj/Hex       0%           100%        3
 Gell's Gravitas          Tloc           0%           100%        3
 Ignite Poison            Fire/Tmut/Pois 0%           100%        3
 Lesser Beckoning         Tloc           0%           100%        3
 Mephitic Cloud           Conj/Pois/Air  0%           100%        3
 Spider Form              Tmut/Pois      0%           100%        3
 Static Discharge         Conj/Air       0%           100%        3
 Teleport Other           Tloc           0%           100%        3
 Tukima's Dance           Hex            0%           100%        3
 Airstrike                Air            0%           100%        4
 Ice Form                 Ice/Tmut       0%           100%        4
 Olgreb's Toxic Radiance  Pois           0%           100%        4
 Passage of Golubria      Tloc           N/A          100%        4
 Blade Hands              Tmut           0%           100%        5
 Lightning Bolt           Conj/Air       0%           100%        5
 Metabolic Englaciation   Hex/Ice        0%           100%        5
 Freezing Cloud           Conj/Ice/Air   0%           100%        6
 Simulacrum               Ice/Necr       0%           100%        6
 Ozocubu's Refrigeration  Ice            0%           100%        7


Dungeon Overview and Level Annotations

Branches:
Dungeon (13/15)            Temple (0/1) D:5            Lair (2/6) D:10
    Orc (0/2) D:9          Vaults (0/5) D:13         Bailey (visited)
  Swamp: Lair:2-4    Shoals: Lair:2-4     Snake: Lair:2-4    Spider: Lair:2-4

Altars:
Ashenzari
Dithmenos
Elyvilon
Gozag
Hepliaklqana
Makhleb
Okawaru
Qazlal
Xom

Shops:
D:4 *[   D:6 =   D:10 (   D:13 *


Innate Abilities, Weirdness & Mutations

You reflexively headbutt those who attack you in melee.
You have a pair of horns on your head.


Message History

Unknown command.
A spriggan rider is nearby!
The spriggan rider hits you but does no damage.
You block the spriggan rider's attack.
The spriggan rider hits you from afar with the +10 spear of Fuczapte {flame, Str+4}.
* * * LOW HITPOINT WARNING * * *
The spriggan rider burns you.
* * * LOW HITPOINT WARNING * * *
You cannot move.
The spriggan rider hits you but does no damage. x2
Your transformation is almost over.
The spriggan rider hits you from afar with the +10 spear of Fuczapte {flame, Str+4}!
* * * LOW HITPOINT WARNING * * *
The spriggan rider burns you.
* * * LOW HITPOINT WARNING * * *
It was a potion of degeneration.
There was something very wrong with that liquid.
You feel weakened.
You feel dopey.
You feel clumsy.
The spriggan rider hits you but does no damage. x2
You feel much better. The spriggan rider barely misses you.
You cannot move.
The spriggan rider hits you from afar with the +10 spear of Fuczapte {flame, Str+4}.
* * * LOW HITPOINT WARNING * * *
The spriggan rider burns you.
* * * LOW HITPOINT WARNING * * *
You block the spriggan rider's attack. You block the spriggan rider's attack.
The spriggan rider hits you from afar with the +10 spear of Fuczapte {flame, Str+4}!!
* * * LOW HITPOINT WARNING * * *
The spriggan rider burns you.
* * * LOW HITPOINT WARNING * * *
The spriggan rider hits you but does no damage.
You feel less wooden.
Your scarf of invisibility unmelds from your body.
Your +2 hat unmelds from your body.
The +2 pair of gloves of Ymil {Str+4} unmelds from your body.
Your +0 plate armour unmelds from your body.
You become transparent for a moment.
The spriggan rider hits you from afar with the +10 spear of Fuczapte {flame, Str+4}!!
You die...

#......................
#......................
##.#...#♣♣♣♣♣♣....##.#
####P#♣ ♣.$♣....##
##♣♣P ♣♣#.....#
♣...♣♣#8....##
♣..P..#.....#
♣..!♣i).....## ♣
♣...#@.....#
#♣♣[....#8....$... #
##.♣♣.♣..♣#........ #
#...♣♣♣♣./♣......... #
###.....♣♣♣♣.#.#..... #
#.#......# #######P. #
##.......## ## ###
##......P## #####
..######........##
#####.#P#


You could see a spriggan rider.

Vanquished Creatures
  The ghost of Tarl the Cleaver, a novice OgBe of Trog (D:8)
  An ogre mage (D:11)
  2 hydras
  A centaur warrior (D:13)
  4 two-headed ogres
  The ghost of Kiunuop the Thaumaturge, a journeyman TeCj of Ashenzari (Lair:2)
  A spriggan (Lair:2)
  An orc knight (Bailey)
  A lindwurm (D:13)
  An oklob plant (Lair:1)
  3 ugly things
  5 cyclopes
  2 manticores
  2 centaur zombies
  The ghost of Shayle the Grave Robber, a novice PaNe (D:5)
  3 black mambas (Lair:1)
  Joseph (D:7)
  A gargoyle (D:8)
  4 cane toads (Lair:1)
  2 centaur skeletons (D:13)
  Psyche (D:12)
  A cane toad (shapeshifter) (D:13)
  2 komodo dragons (Lair:1)
  A rime drake (Lair:1)
  A freezing wraith (D:8)
  A troll (D:13)
  3 hornets
  3 slime creatures (D:12)
  5 blink frogs (Lair:1)
  26 yaks
  A human (shapeshifter) (D:13)
  2 steam dragons
  2 vampire mosquitoes (Lair:2)
  A soldier ant (D:12)
  8 water moccasins
  Duvessa (D:4)
  20 orc warriors
  2 sky beasts
  3 swamp drakes (Lair:2)
  3 ice beasts
  6 black bears
  A necrophage (D:13)
  8 ogres
  3 centaurs
  3 wolves (Lair:2)
  2 phantoms
  3 kobold brigands
  21 bullfrogs
  2 gnoll sergeants (D:5)
  Dowan (D:4)
  8 scorpions
  3 killer bees (D:10)
  3 wights (D:13)
  5 howler monkeys
  2 bullfrog zombies
  4 hounds
  A bullfrog skeleton (D:12)
  A gnoll shaman (D:5)
  13 orc priests
  3 jellies
  17 orc wizards
  3 iguanas
  10 worker ants
  Natasha (thrice) (D:2)
  A killer bee zombie (D:7)
  3 worker ant zombies
  19 gnolls
  12 adders
  3 shadow imps
  A white imp (D:10)
  5 ufetubi
  An ooze (D:4)
  4 adder skeletons
  2 worms
  2 dart slugs (D:2)
  4 leopard geckos
  85 orcs
  7 giant cockroaches
  17 goblins
  17 hobgoblins
  20 jackals
  2 quokkas
  4 bats
  3 frilled lizards
  A jackal zombie (D:5)
  19 kobolds
  A quokka skeleton (D:4)
  9 rats
493 creatures vanquished.

Vanquished Creatures (collateral kills)
  An orc warlord (Bailey)
  An orc knight (Bailey)
  3 orc warriors (Bailey)
  2 gnolls (Bailey)
  An orc (Bailey)
  4 goblins (Bailey)
  4 hobgoblins (Bailey)
16 creatures vanquished.

Vanquished Creatures (others)
  A spriggan (Lair:2)
  A boggart (Lair:2)
  An orc wizard (D:9)
  65 fungi
  65 plants
133 creatures vanquished.

Grand Total: 642 creatures vanquished

Notes
Turn   | Place    | Note
-------+----------+-------------------------------------------
     0 | D:1      | jestyr24 the Minotaur Berserker began the quest for the
                  | Orb.
     0 | D:1      | Reached XP level 1. HP: 19/19 MP: 0/0
    80 | D:1      | Reached skill level 4 in Fighting
    80 | D:1      | Reached XP level 2. HP: 26/27 MP: 1/1
   299 | D:1      | Reached XP level 3. HP: 33/33 MP: 2/2
   605 | D:2      | Noticed Natasha
   610 | D:2      | Killed Natasha
   665 | D:2      | Reached ** piety under Trog
   676 | D:2      | Reached XP level 4. HP: 41/41 MP: 3/3
   747 | D:2      | Found a faded altar of an unknown god.
   769 | D:2      | Noticed Natasha
   777 | D:2      | Killed Natasha
   829 | D:2      | Noticed Natasha
   834 | D:2      | Killed Natasha
   835 | D:2      | Reached skill level 5 in Fighting
   835 | D:2      | Reached XP level 5. HP: 41/48 MP: 4/4
   978 | D:2      | Found a burning altar of Makhleb.
   980 | D:2      | Found a shimmering altar of Xom.
  1333 | D:3      | Found a shadowy altar of Dithmenos.
  1849 | D:4      | Reached *** piety under Trog
  1850 | D:4      | Reached XP level 6. HP: 57/57 MP: 3/5
  1855 | D:4      | Reached skill level 6 in Fighting
  1926 | D:4      | Got a pair of crude gloves
  1937 | D:4      | Identified the +2 pair of gloves of Ymil {Str+4} (You found
                  | it on level 4 of the Dungeon)
  1973 | D:4      | Noticed Duvessa
  1979 | D:4      | Killed Duvessa
  2000 | D:4      | Noticed Dowan
  2007 | D:4      | Killed Dowan
  2008 | D:4      | Reached XP level 7. HP: 51/64 MP: 6/6
  2105 | D:4      | Found a white marble altar of Elyvilon.
  2261 | D:4      | Found Judap's Assorted Antiques.
  2275 | D:4      | Found Juar's Armour Shop.
  2308 | D:4      | Found a hazy altar of Hepliaklqana.
  2312 | D:4      | Found an iron altar of Okawaru.
  2431 | D:5      | Entered Level 5 of the Dungeon
  2444 | D:5      | Reached skill level 7 in Fighting
  2444 | D:5      | Reached skill level 5 in Armour
  2617 | D:5      | Found a transporter.
  2721 | D:5      | Noticed Shayle's ghost (novice PaNe)
  2796 | D:5      | Reached skill level 5 in Dodging
  2912 | D:5      | Reached skill level 8 in Fighting
  2912 | D:5      | Reached XP level 8. HP: 74/74 MP: 7/7
  3061 | D:5      | Found a transporter.
  3229 | D:5      | Killed Shayle's ghost
  3230 | D:5      | Reached skill level 9 in Fighting
  3893 | D:5      | Found a staircase to the Ecumenical Temple.
  3997 | D:6      | Reached skill level 1 in Stealth
  3997 | D:6      | Reached XP level 9. HP: 83/83 MP: 5/8
  4002 | D:6      | Reached **** piety under Trog
  4269 | D:6      | Found Kozari's Jewellery Boutique.
  4637 | D:6      | Reached skill level 1 in Throwing
  5315 | D:7      | Noticed Joseph
  5324 | D:7      | Killed Joseph
  5325 | D:7      | Reached skill level 10 in Armour
  5628 | D:7      | Reached ***** piety under Trog
  5629 | D:7      | Reached skill level 10 in Fighting
  5774 | D:7      | Reached skill level 1 in Slings
  5938 | D:8      | Found a runed translucent gate.
  5938 | D:8      | Found an opulent altar of Gozag.
  5945 | D:8      | Found a runed translucent gate.
  5945 | D:8      | Found a runed translucent gate.
  5945 | D:8      | Noticed a gargoyle
  5945 | D:8      | Noticed Tarl's ghost (novice OgBe)
  5945 | D:8      | Noticed a freezing wraith
  6017 | D:8      | Found a stormy altar of Qazlal.
  6048 | D:8      | Reached skill level 5 in Stealth
  6048 | D:8      | Reached XP level 10. HP: 93/93 MP: 9/9
  6049 | D:8      | Killed a gargoyle
  6056 | D:8      | Killed Tarl's ghost
  7104 | D:9      | Reached skill level 11 in Fighting
  7461 | D:9      | Found a staircase to the Orcish Mines.
  7503 | D:10     | Entered Level 10 of the Dungeon
  7580 | D:10     | Paralysed by a hornet for 1 turns
  7746 | D:10     | Noticed a two-headed ogre
  7754 | D:10     | Received a gift from Trog
  7755 | D:10     | Killed a two-headed ogre
  7756 | D:10     | Reached XP level 11. HP: 82/102 MP: 10/10
  7779 | D:10     | Got a warped executioner's axe {god gift}
  7780 | D:10     | Identified the +9 executioner's axe of Moderation {flame,
                  | *Corrode rElec Will+ SInv} (Trog gifted it to you on level
                  | 10 of the Dungeon)
  7977 | D:10     | Found a staircase to the Lair.
  8205 | D:10     | Found Fiakh's Weapon Boutique.
  8207 | D:10     | Noticed a two-headed ogre
  8212 | D:10     | Killed a two-headed ogre
  8799 | D:11     | Found a broken altar of Ashenzari.
  8881 | D:11     | Noticed a two-headed ogre
  8886 | D:11     | Killed a two-headed ogre
  8887 | D:11     | Reached skill level 12 in Fighting
  8887 | D:11     | Reached skill level 1 in Shields
  9059 | D:11     | Noticed an ogre mage
  9065 | D:11     | Killed an ogre mage
  9066 | D:11     | Reached skill level 5 in Slings
  9966 | D:12     | Reached skill level 5 in Axes
 10005 | D:12     | Noticed Psyche
 10006 | D:12     | Noticed a two-headed ogre
 10015 | D:12     | Killed a two-headed ogre
 10015 | D:12     | Killed Psyche
 10042 | D:12     | Reached ****** piety under Trog
 10114 | D:12     | Noticed a six-headed hydra
 10120 | D:12     | Killed a three-headed hydra
 10121 | D:12     | Reached XP level 12. HP: 56/113 MP: 11/11
 10925 | D:13     | Noticed a four-headed hydra
 10926 | D:13     | Noticed a centaur warrior
 10934 | D:13     | Killed a one-headed hydra
 10935 | D:13     | Received a gift from Trog
 10939 | D:13     | Killed a centaur warrior
 10940 | D:13     | Reached skill level 10 in Axes
 10967 | D:13     | Found a gate leading to a gauntlet.
 11003 | D:13     | Found a gate to the Vaults.
 11086 | D:13     | Found a flagged portal.
 11095 | Bailey   | Entered a bailey
 11266 | Bailey   | Reached skill level 13 in Fighting
 11278 | Bailey   | Identified the +9 hand axe "Cafes" {vorpal, Will+ MP+9}
 11278 | Bailey   | Noticed an orc warlord
 11287 | Bailey   | Killed an orc warlord
 11617 | D:13     | Identified 2 scrolls of acquirement
 11617 | D:13     | Acquired a manual of Fighting
 11805 | D:13     | Found Moojoux's General Store.
 12058 | D:13     | Reached skill level 14 in Fighting
 12058 | D:13     | Reached XP level 13. HP: 124/124 MP: 12/12
 12206 | Lair:1   | Entered Level 1 of the Lair of Beasts
 12802 | Lair:1   | Reached skill level 15 in Fighting
 13164 | Lair:1   | Acquired a manual of Armour
 13177 | Lair:1   | Reached skill level 16 in Fighting
 14238 | Lair:2   | Reached skill level 17 in Fighting
 14294 | Lair:2   | Found a runed translucent door.
 14295 | Lair:2   | Noticed Kiunuop's ghost (journeyman TeCj)
 14296 | Lair:2   | Identified the +10 spear of Fuczapte {flame, Str+4}
 14321 | Lair:2   | Killed Kiunuop's ghost
 14321 | Lair:2   | Received a gift from Trog
 14338 | Lair:2   | Slain by a spriggan rider

Illustrated notes

Levels and vault maps discovered:
D:1:      sevenhm_arrival_forest_fort_large_4, layout_rooms
D:2:      layout_rooms, nicolae_overflow_hidden_temple,
          chequers_ecumenical_altar_simple_redux, uniq_natasha
D:3:      layout_loops_ring, nicolae_dithmenos_shadow_blocks
D:4:      layout_rooms, minitemple, elyvilon_altar_5, serial_shops, shop_statue,
          shop, uniq_duvessa
D:5:      layout_loops_corners, minmay_temple_entry_poolview,
          gammafunk_ghost_gnarly_gnolls
D:6:      layout_rooms, serial_shops, shop
D:7:      layout_basic, uniq_joseph
D:8:      layout_rooms, ebering_ghost_gozag, basic_altar,
          hangedman_decor_growths
D:9:      layout_basic, david_orc_4
D:10:     layout_roguey, due_lair_maze_entry_diamond, serial_shops, shop
D:11:     layout_basic, basic_altar, amcnicky_mini_pool_medium
D:12:     layout_roguey, uniq_psyche
D:13:     layout_small_grid, david_vaults_4, gauntlet_entry_generic,
          enter_bailey_2, serial_shops, nicolae_shop_behind_doors,
          hangedman_abyss_or_decor_passed
Lair:1:   layout_cave_pods, grunt_megastairs_5, minmay_lair_oklob_chamber
Lair:2:   layout_cellular_growth, ebering_ghost_funeral_grove, pond

Skill      XL: |  1  2  3  4  5  6  7  8  9 10 11 12 13 |
---------------+----------------------------------------+-----
Fighting       | 4 5 6 8 9 10 11 12 14 17 | 17.5
Axes           | 4 7 11 | 11.4
Armour         | 3 4 6 8 10 12 13 14 | 14.4
Dodging        | 3 4 5 6 7 9 |  9.2
Stealth        | 1 5 6 8 |  8.1
Throwing       | 2 |  2.3
Slings         | 1 4 5 |  5.3
Shields        | 2 |  2.0
Short Blades   | |  0.5

Action                   |  1- 3 |  4- 6 |  7- 9 | 10-12 | 13-15 || total
-------------------------+-------+-------+-------+-------+-------++-------
Melee: Hand axe          |    39 |       |       |       |       ||    39
       Headbutt          |    11 |    14 |    82 |    93 |    21 ||   221
       Short sword       |     9 |    64 |   225 |       |       ||   298
       War axe           |       |       |     4 |   115 |       ||   119
       Executioner's axe |       |       |       |   282 |   108 ||   390
Throw: Boomerang         |       |       |     2 |     4 |       ||     6
Invok: Berserk           |       |       |     3 |     7 |     1 ||    11
       Brothers in Arms  |       |       |       |     1 |       ||     1
  Use: Scroll            |       |     5 |       |     6 |     1 ||    12
       Potion            |       |       |     1 |     1 |     4 ||     6
 Stab: Distracted        |       |       |       |     1 |       ||     1
       Confused          |       |       |       |       |     1 ||     1
Armor: Animal skin       |     4 |       |       |       |       ||     4
       Scale mail        |     5 |    25 |    41 |       |       ||    71
       Plate armour      |       |       |    44 |   244 |    61 ||   349
       Skin              |       |       |       |       |     9 ||     9
Dodge: Dodged            |    31 |    41 |   187 |   303 |    70 ||   632
Block: Other             |       |       |       |    84 |    39 ||   123
       Reflection        |       |       |       |     3 |       ||     3

Table legend: (Time is in decaauts)
 A = Elapsed time spent in this place.
 B = Non-inter-level travel time spent in this place.
 C = Inter-level travel time spent in this place.
 D = Time resting spent in this place.
 E = Time spent auto-exploring this place.
 F = Levels seen in this place.
 G = Mean time per level.
                   A        B        C        D        E       F      G
               +--------+--------+--------+--------+--------+-----+--------+
         Total |  14704 |  14179 |    525 |   2740 |   6502 |  16 |  919.0 |
       Dungeon |  12097 |  11572 |    525 |   2074 |   5796 |  13 |  930.5 |
          Lair |   2185 |   2185 |      0 |    579 |    705 |   2 | 1092.5 |
        Bailey |    421 |    421 |      0 |     87 |      0 |   1 |  421.0 |
               +--------+--------+--------+--------+--------+-----+--------+

Top non-repeatable levels by time:
     D:5: 1570 daAuts
  Lair:1: 1528 daAuts
    D:11: 1262 daAuts
     D:9: 1152 daAuts
    D:12: 1095 daAuts
    D:10: 1073 daAuts
    D:13: 1053 daAuts
     D:7: 978 daAuts
     D:6: 900 daAuts
     D:3: 709 daAuts
  Lair:2: 656 daAuts
     D:1: 607 daAuts
     D:4: 594 daAuts
     D:8: 560 daAuts
     D:2: 538 daAuts
